Map: Kairos Junction LE

Players

Samwise - Winner!

  • Race: Protoss Protoss
  • League: Platinum
  • Spawn Location: 11:00

A.I. 1 (Elite)

  • Race: Zerg Zerg
  • Spawn Location: 5:00

VOD

Have the link to the VOD?

Description

Time

  • Played on: Aug. 20, 2019, 9:08 a.m.
  • Length: 10:08
Show
View Real Time Build Order
Export as new Build Order

Samwise Protoss - Winner!

Build Orders: 1 Gate Expand, Chargelot Immortal 

Get SALT Encoding   

  12  0:01  Probe  
  13  0:13  Probe  
  14  0:19  Pylon  
  14  0:25  Probe  
  15  0:36  Probe  
  16  0:44  Gateway, Probe  
  16  0:49  Assimilator  
  17  0:52  Probe  
  18  1:03  Probe  
  19  1:16  Probe  
  20  1:27  Nexus  
  20  1:30  Probe  
  21  1:39  Cybernetics Core  
  21  1:47  Probe  
  21  1:49  Assimilator  
  21  1:53  Pylon  
  22  1:59  Probe  
  23  2:11  Probe  
  24  2:16  Sentry  
  24  2:19  Warp Gate  
  26  2:28  Probe  
  27  2:34  Stalker  
  27  2:36  Probe  
  27  2:40  Probe  
  31  2:44  Probe  
  31  2:51  Robotics Facility  
  32  2:53  Probe  
  32  2:54  Probe  
  32  2:55  Assimilator  
  34  3:00  Gateway  
  34  3:05  Probe  
  35  3:06  Probe  
  35  3:07  Sentry  
  38  3:17  Probe  
  38  3:18  Probe  
  38  3:19  Pylon  
  40  3:29  Probe  
  40  3:30  Probe  
  40  3:33  Sentry  
  44  3:37  Warp Prism  
  46  3:41  Pylon  
  46  3:48  Pylon  
  46  3:52  Probe x2  
  48  4:04  Probe x2  
  50  4:14  Immortal  
  50  4:16  Probe  
  55  4:18  Adept  
  55  4:19  Stalker  
  55  4:23  Gateway  
  59  4:25  Forge  
  59  4:37  Twilight Council  
  59  4:42  Robotics Facility  
  59  4:45  Zealot x2  
  63  4:53  Immortal  
  63  4:57  Protoss Ground Weapons Level 1  
  67  5:11  Pylon, Zealot  
  67  5:14  Pylon  
  69  5:16  Charge  
  69  5:26  Gateway  
  69  5:28  Gateway  
  69  5:30  Immortal, Gateway  
  69  5:33  Pylon  
  73  5:41  Zealot x2  
  77  5:46  Immortal  
  77  6:05  Zealot x2  
  77  6:09  Immortal  
  85  6:24  Gateway x2  
  86  6:25  Observer  
  86  6:28  Pylon  
  86  6:31  Pylon  
  86  6:33  Pylon  
  86  6:37  Immortal  
  86  6:38  Immortal  
  86  6:41  Pylon  
  86  6:43  Pylon  
  86  6:46  Pylon  
  94  6:58  Protoss Ground Weapons Level 2  
  94  7:20  Nexus  
  94  7:22  Pylon, Zealot x3  
  94  7:23  Zealot  
  102  7:46  Zealot  
  102  7:47  Zealot x7  
  89  8:13  Zealot x4  
  89  8:14  Zealot  
  89  8:15  Zealot x2  
  89  8:16  Zealot  
  97  8:34  Zealot x3  
  97  8:35  Zealot x2  
  97  8:36  Zealot  
  107  8:58  Adept  
  109  9:16  Zealot x6  
  121  9:17  Zealot  
  121  9:18  Zealot  
  123  9:40  Stalker  
  123  9:41  Stalker x4  
Show
View Real Time Build Order
Export as new Build Order

A.I. 1 (Elite) Zerg 

Build Orders: Pool First 

Get SALT Encoding   

  12  0:00  Drone  
  13  0:12  Overlord  
  13  0:17  Drone  
  14  0:30  Drone x2  
  16  0:42  Spawning Pool  
  15  0:44  Drone  
  15  0:48  Drone  
  17  1:23  Hatchery  
  17  1:24  Drone  
  17  1:27  Extractor  
  17  1:30  Drone  
  17  1:31  Queen  
  19  1:34  Drone  
  19  1:39  Drone  
  21  1:47  Overlord  
  21  1:56  Drone  
  22  2:07  Zergling x2  
  23  2:09  Queen  
  25  2:18  Drone  
  26  2:27  Roach Warren  
  26  2:28  Drone, Extractor  
  25  2:34  Drone  
  26  2:38  Drone  
  27  2:46  Overlord  
  27  2:49  Drone  
  28  2:53  Drone  
  28  2:57  Drone  
  30  3:00  Drone  
  30  3:04  Drone  
  32  3:07  Zergling x2  
  32  3:10  Zergling x2  
  34  3:15  Roach  
  34  3:19  Roach  
  38  3:22  Roach  
  38  3:26  Roach  
  42  3:29  Drone  
  42  3:31  Drone  
  44  3:37  Overlord  
  44  3:44  Lair  
  44  3:48  Metabolic Boost  
  44  3:52  Overlord  
  44  3:56  Drone  
  44  3:57  Drone  
  44  4:00  Drone  
  44  4:02  Zergling x2  
  48  4:05  Zergling x2  
  48  4:06  Zergling x2  
  50  4:14  Evolution Chamber, Drone  
  50  4:18  Drone  
  50  4:19  Evolution Chamber  
  50  4:21  Drone  
  50  4:23  Drone  
  52  4:25  Drone  
  52  4:28  Drone  
  54  4:40  Zerg Missile Weapons Level 1  
  54  4:44  Zerg Ground Armor Level 1  
  54  4:45  Hydralisk Den, Drone  
  54  4:47  Overlord  
  54  4:51  Roach  
  56  4:53  Roach  
  58  5:06  Overlord, Drone x2  
  61  5:07  Extractor, Drone  
  61  5:08  Drone  
  61  5:10  Drone  
  61  5:12  Drone  
  61  5:14  Drone, Hydralisk  
  64  5:17  Hydralisk  
  68  5:23  Hydralisk  
  68  5:24  Drone  
  68  5:27  Overlord  
  71  5:29  Hydralisk  
  71  5:31  Drone  
  71  5:33  Drone  
  71  5:34  Drone  
  76  5:45  Drone  
  76  5:46  Infestation Pit, Overlord  
  76  5:47  Drone  
  76  5:49  Drone  
  78  5:51  Drone  
  78  5:52  Drone  
  78  5:54  Roach  
  80  5:57  Roach  
  80  6:04  Overlord  
  80  6:09  Hydralisk  
  82  6:12  Ravager  
  82  6:13  Extractor  
  82  6:15  Roach  
  84  6:21  Hatchery  
  84  6:22  Drone  
  84  6:24  Infestor  
  86  6:33  Infestor  
  86  6:35  Overlord, Drone x2  
  90  6:41  Ravager  
  90  6:44  Roach  
  93  6:48  Hydralisk  
  93  6:52  Hydralisk  
  97  6:54  Overlord  
  97  6:57  Hydralisk  
  99  7:11  Overseer  
  99  7:13  Spine Crawler  
  99  7:14  Drone  
  99  7:16  Infestor  
  99  7:18  Drone, Spine Crawler  
  101  7:30  Overlord, Infestor  
  101  7:33  Roach  
  101  7:34  Drone x2  
  101  7:35  Drone x4  
  101  7:36  Drone x5  
  116  7:39  Drone  
  116  7:44  Drone  
  118  7:47  Extractor, Drone  
  118  7:49  Overlord  
  118  7:52  Extractor  
  118  7:54  Drone  
  118  7:56  Drone  
  118  7:57  Drone x3  
  122  8:01  Drone  
  122  8:04  Zergling x4, Roach  
  128  8:05  Zergling x2  
  128  8:09  Zergling x2  
  112  8:13  Drone  
  112  8:16  Roach  
  93  8:20  Roach  
  93  8:23  Roach  
  93  8:27  Infestor, Drone, Zergling x2  
  84  8:28  Roach  
  84  8:30  Zergling x2  
  85  8:35  Zergling x2  
  85  8:37  Drone  
  72  8:45  Drone  
  66  8:48  Roach  
  54  8:56  Zergling x2  
  54  8:59  Zergling x2, Roach x3  
  61  9:08  Drone  
  61  9:09  Infestor  
  64  9:16  Queen  
  59  9:20  Zergling x2  
  36  9:42  Drone  
  36  9:43  Spawning Pool  
  29  9:52  Drone  
Tags
 
Add a new tag
Caveats
  • Supply blocks, unpowered buildings, or Contaminate may cause inaccurate times.
  • Supply counts are checked every 10 seconds.